 Dungeon Crawl Stone Soup version 0.28-a0-1435-g82390b3a13 (webtiles) character file.

Game seed: 8796384944239040296

21 zap2161 the Sneak (level 3, 20/20 HPs)
             Began as a Kobold Enchanter on Jan 9, 2022.
             Was a Follower of Qazlal.
             Quit the game on level 1 of the Dungeon.
             The game lasted 00:04:07 (432 turns).

zap2161 the Sneak (Kobold Enchanter)                 Turns: 432, Time: 00:04:07

Health: 20/20      AC:  2    Str: 11    XL:     3   Next: 2%
Magic:  6/6        EV: 15    Int: 16    God:    Qazlal [*.....]
Gold:   49         SH:  1    Dex: 17    Spells: 4/6 levels left

rFire   . . .      SeeInvis .   a - +1 dagger
rCold   . . .      Faith    .   (no shield)
rNeg    . . .      Spirit   .   b - +0 robe
rPois   .          Reflect  .   (no helmet)
rElec   .          Harm     .   (no cloak)
rCorr   .          Rampage  .   (no gloves)
Will    .....                   (no boots)
Stlth   ++++......              (no amulet)
HPRegen 0.06/turn               e - +6 ring of strength
MPRegen 0.10/turn               (no ring)

@: no status effects
A: small, no large weapons, nightstalker 3
a: Renounce Religion


You were on level 1 of the Dungeon.
You worshipped Qazlal.
Qazlal was aware of your devotion.
You visited 1 branch of the dungeon, and saw 1 of its levels.

You collected 49 gold pieces.

Inventory:

Hand Weapons
 a - a +1 dagger (weapon)
Armour
 b - a +0 robe (worn)
Jewellery
 e - a +6 ring of strength (left hand)
Scrolls
 f - a scroll of holy word {unknown}
Potions
 c - a potion of invisibility
 d - a potion of curing {unknown}


   Skills:
 * Level 1.0 Fighting
 * Level 1.6 Short Blades
 * Level 2.5 Dodging
 + Level 4.5 Stealth
 * Level 2.3 Spellcasting
 * Level 3.2 Hexes


You had 4 spell levels left.
You knew the following spells:

 Your Spells              Type           Power      Damage    Failure   Level
a - Ensorcelled Hibernat  Hex/Ice        14%        N/A       16%         2

Your spell library contained the following spells:

 Spells                   Type           Power      Damage    Failure   Level
 Confusing Touch          Hex            12%        N/A       16%         3
 Tukima's Dance           Hex            12%        N/A       16%         3
 Dazzling Flash           Conj/Hex       14%        N/A       30%         3


Dungeon Overview and Level Annotations

Branches:
Dungeon (1/15)

Altars:
Qazlal


Innate Abilities, Weirdness & Mutations

You are small and have problems with some larger weapons.
You are completely attuned to the shadows.


Message History

Things that are here:
a +0 whip; 2 stones; a kobold corpse A quokka comes into view.
Found 11 gold pieces.
The helpless quokka fails to defend itself.
You puncture the quokka!
You kill the quokka!
A hobgoblin comes into view.
You see here 11 gold pieces.
A hobgoblin is nearby!
Found a faded altar of an unknown god.
The helpless hobgoblin fails to defend itself.
You impale the hobgoblin!!
You kill the hobgoblin!
You now have 26 gold pieces (gained 11).
You now have 37 gold pieces (gained 11).
You now have 49 gold pieces (gained 12).
A dart slug comes into view.
The helpless dart slug fails to defend itself.
You impale the dart slug!!
You kill the dart slug!
Your Fighting skill increases to level 1!
You have reached level 3!
Your experience leads to an increase in your attributes!
Your base attributes are Str 5, Int 16, Dex 15.
Increase (S)trength, (I)ntelligence, or (D)exterity?
You feel agile. x2
There is a faded altar of an unknown god here.
You cannot tell which god this altar belongs to.
Convert to them anyway?
Uppercase [Y]es or [N]o only, please.
You cannot tell which god this altar belongs to.
Convert to them anyway?
Qazlal accepts your prayer! Qazlal welcomes you!
Qazlal grants you and your divine allies immunity to clouds.
You are now surrounded by a storm.
Unknown command.
Press < or > to pray at altars.
Unknown command.
Press < or > to pray at altars.
Are you sure you want to abandon this character and quit the game? (Confirm with "yes".)

#...#### #†..### .>....# . #
#...#.# ####.#### .#
#...#.###.......# ########.#
#.........##.##.## #....†...#
#...#.###.##.##..## #..# #...#
####.###.##...^.^####..###...#
...........##.@.............#
.....#..........####..###..##
...†..........### #..# #..#
........#.....# #.......#
.....#..#..#..# #########
.#.#.#..#..#..# .......# ....
..#


There were no monsters in sight!

Vanquished Creatures
  A dart slug (D:1)
  4 ball pythons (D:1)
  A bat (D:1)
  An endoplasm (D:1)
  A goblin (D:1)
  A hobgoblin (D:1)
  A quokka (D:1)
  A frilled lizard (D:1)
  4 kobolds (D:1)
  3 rats (D:1)
18 creatures vanquished.

Notes
Turn   | Place    | Note
-------+----------+-------------------------------------------
     0 | D:1      | zap2161 the Kobold Enchanter began the quest for the Orb.
     0 | D:1      | Reached XP level 1. HP: 10/10 MP: 3/3
   112 | D:1      | Reached XP level 2. HP: 16/16 MP: 5/5
   126 | D:1      | Learned a level 2 spell: Ensorcelled Hibernation
   389 | D:1      | Found a faded altar of an unknown god.
   419 | D:1      | Reached skill level 1 in Fighting
   419 | D:1      | Reached XP level 3. HP: 20/20 MP: 6/6
   431 | D:1      | Prayed at the altar of an unknown god.
   431 | D:1      | Became a worshipper of Qazlal Stormbringer
   431 | D:1      | Reached * piety under Qazlal
   432 | D:1      | Quit the game

Illustrated notes

Levels and vault maps discovered:
D:1:      lightli_molten_gateway, layout_loops_cross,
          ebering_ecumenical_altar_webs, serial_shops, shop, minmay_fountain_box

Skill      XL: |  1  2 |
---------------+-------+-----
Fighting       | 1 |  1.0
Short Blades   | |  1.6
Dodging        | |  2.5
Stealth        | |  4.5
Spellcasting   | |  2.3
Hexes          | |  3.2

Action                   || total
-------------------------++-------
Melee: Dagger            ||    26
       Punch             ||     1
 Stab: Sleeping          ||    12
Armor: Robe              ||     1
Dodge: Dodged            ||     8

Table legend: (Time is in decaauts)
 A = Elapsed time spent in this place.
 B = Non-inter-level travel time spent in this place.
 C = Inter-level travel time spent in this place.
 D = Time resting spent in this place.
 E = Time spent auto-exploring this place.
 F = Levels seen in this place.
 G = Mean time per level.
                   A        B        C        D        E       F      G
               +--------+--------+--------+--------+--------+-----+--------+
         Total |    430 |    430 |      0 |      0 |    321 |   1 |  430.0 |
       Dungeon |    430 |    430 |      0 |      0 |    321 |   1 |  430.0 |
               +--------+--------+--------+--------+--------+-----+--------+

Top non-repeatable levels by time:
     D:1: 430 daAuts
